 Dungeon Crawl Stone Soup version 0.30-a0-1123-gabc949cf19 (webtiles) character file.

Game seed: 4765922183316145652

81 voltaire321 the Conjurer (level 4, -5/25 HPs)
             Began as a Deep Elf Conjurer on Apr 22, 2023.
             Killed by nerve-wracking pain
             ... invoked by Grinder
              (12 damage)
             ... while paralysed by Grinder
             ... on level 3 of the Dungeon.
             The game lasted 00:04:20 (2033 turns).

voltaire321 the Conjurer (Deep Elf Conjurer)        Turns: 2033, Time: 00:04:20

Health: -5/25      AC:  3    Str:  6    XL:     4   Next: 20%
Magic:  2/11       EV:  2    Int: 23    God:
Gold:   89         SH:  0    Dex: 13    Spells: 7/10 levels left

rFire   . . .        g - +2 short sword (holy)
rCold   . . .        (no shield)
rNeg    . . .        a - +0 robe
rPois   .            (no helmet)
rElec   .            (no cloak)
rCorr   .            c - +0 pair of gloves
SInv    .            (no boots)
Will    .....        f - amulet of the acrobat
Stlth   ++           (no ring)
HPRegen 0.24/turn    (no ring)
MPRegen 0.12/turn

%: acrobat
@: paralysed
A: no striking features
a: no special abilities


You were on level 3 of the Dungeon.
You visited 1 branch of the dungeon, and saw 3 of its levels.

You collected 89 gold pieces.

Inventory:

Hand Weapons
 g - a +2 short sword of holy wrath (weapon)
Armour
 a - a +0 robe (worn)
 c - a +0 pair of gloves (worn)
Jewellery
 f - an amulet of the acrobat (around neck)
Scrolls
 d - 3 scrolls of identify {unknown}
 e - 2 scrolls of poison {unknown}
 k - a scroll of enchant weapon {unknown}
 l - a scroll of fear {unknown}
 n - a scroll of enchant armour {unknown}
Potions
 b - 2 potions of magic
 h - 2 potions of curing {unknown}
 i - a potion of attraction {unknown}
 j - 2 potions of haste {unknown}
 m - a potion of degeneration {unknown}


   Skills:
 + Level 1.1 Fighting
 + Level 1.1 Armour
 + Level 3.3 Dodging
 - Level 2.4 Stealth
 + Level 3.8 Spellcasting
 + Level 4.8 Conjurations


You had 7 spell levels left.
You knew the following spells:

 Your Spells              Type           Power      Damage    Failure   Level
a - Magic Dart            Conj           100%       1d8       1%          1
b - Searing Ray           Conj           52%        2d6       2%          2

Your spell library contained the following spells:

 Spells                   Type           Power      Damage    Failure   Level
 Static Discharge         Conj/Air       30%        2-4/arc   6%          2
 Summon Small Mammal      Summ           16%        N/A       11%         1
 Dazzling Flash           Conj/Hex       30%        N/A       12%         3
 Call Canine Familiar     Summ           4%         N/A       32%         3
 Summon Guardian Golem    Hex/Summ       4%         N/A       32%         3
 Fulminant Prism          Conj/Hex       7%         3d7       36%         4
 Iskenderun's Mystic Bla  Conj/Tloc      15%        2d5       36%         4
 Sticky Flame             Conj/Fire      15%        2d4       36%         4
 Irradiate                Conj/Tmut      7%         3d14      73%         5
 Iron Shot                Conj/Erth      7%         9d2       99%         6


Dungeon Overview and Level Annotations

Branches:
Dungeon (3/15)

Altars:

Shops:
D:3 =

Annotations:
D:3 Grinder


Message History

Press: ? - help, Shift-Dir - straight line, f - Grinder
Aim: Grinder (77% to hit)
The searing ray hits Grinder.
Grinder is lightly wounded. (Press . to maintain the ray.) Grinder blinks!
Casting: Searing Ray (safe; 2% risk of failure)
Confirm with . or Enter, or press ? or * to list all spells.
Aiming: Searing Ray (safe; 2% risk of failure)
Press: ? - help, Shift-Dir - straight line, f/p - Grinder
Aim: Grinder (lightly wounded, 77% to hit)
The searing ray hits Grinder.
Grinder is lightly wounded. (Press . to maintain the ray.) Grinder hits you!
You writhe in agony.
The searing ray hits Grinder.
Grinder is lightly wounded.
Grinder completely misses you.
The searing ray hits Grinder!
Grinder is moderately wounded.
Grinder closely misses you.
The searing ray hits Grinder.
Grinder is heavily wounded.
You finish channelling your searing ray.
Grinder misses you.
Casting: Searing Ray (safe; 2% risk of failure)
Confirm with . or Enter, or press ? or * to list all spells.
Aiming: Searing Ray (safe; 2% risk of failure)
Press: ? - help, Shift-Dir - straight line, f/p - Grinder
Aim: Grinder (heavily wounded, 77% to hit)
The searing ray hits Grinder!
Grinder is severely wounded. (Press . to maintain the ray.) Grinder gestures at you.
You suddenly lose the ability to move!
Grinder hits you.
You writhe in agony.
* * * LOW HITPOINT WARNING * * *
Grinder gestures at you. Pain shoots through your body!
You die...

####....#######.
+...............
####....#######.
##.#...#
#.#.#.####
#........#
#..#.#.#.#
##..#.#..#
#.#@∩.#..#
#..#5#.....
....# #.#..#..
##.#. .....?.
#... #####. ####


You could see Grinder.

Vanquished Creatures
  3 adders (D:2)
  A worm (D:2)
  3 dart slugs
  2 bats
  3 endoplasms (D:2)
  2 giant cockroaches
  3 goblins
  3 hobgoblins
  3 jackals (D:1)
  5 quokkas (D:1)
  5 ball pythons
  3 frilled lizards
  4 kobolds
  5 rats
45 creatures vanquished.

Notes
Turn   | Place    | Note
-------+----------+-------------------------------------------
     0 | D:1      | voltaire321 the Deep Elf Conjurer began the quest for the
                  | Orb.
     0 | D:1      | Reached XP level 1. HP: 10/10 MP: 6/6
   311 | D:1      | Got the Monograph on Fulmination
   322 | D:1      | Reached XP level 2. HP: 16/16 MP: 5/8
   505 | D:1      | Learned a level 2 spell: Searing Ray
   848 | D:1      | Reached XP level 3. HP: 20/20 MP: 5/10
  1403 | D:2      | Reached skill level 1 in Fighting
  1403 | D:2      | Reached skill level 1 in Armour
  1801 | D:2      | Reached XP level 4. HP: 25/25 MP: 8/11
  2016 | D:3      | Found Befaoroi's Jewellery Shoppe.
  2019 | D:3      | Noticed Grinder
  2031 | D:3      | Paralysed by Grinder for 5 turns
  2033 | D:3      | Killed from afar by Grinder

Illustrated notes

Levels and vault maps discovered:
D:1:      heliophobic_arrival_enchanted_forest, layout_basic, st_stairs_1,
          minmay_cut_off
D:2:      layout_basic
D:3:      layout_loops_corners, lemuel_coloured_pillars_altar,
          general_overflow_altar, serial_shops, nicolae_shop_stone,
          nicolae_shop_gaudy_bauble, kennysheep_generic_room_4, uniq_grinder

Skill      XL: |  1  2  3 |
---------------+----------+-----
Dodging        | 3 |  3.3
Fighting       | 1 |  1.1
Armour         | 1 |  1.1
Stealth        | |  2.4
Spellcasting   | |  3.8
Conjurations   | |  4.8

Action                     |  1- 3 |  4- 6 || total
---------------------------+-------+-------++-------
  Melee: Short sword       |    15 |       ||    15
   Cast: Magic Dart        |    63 |    10 ||    73
         Searing Ray       |     2 |     3 ||     5
 Armour: Robe              |     6 |       ||     6
  Dodge: Dodged            |    11 |     3 ||    14

Table legend: (Time is in decaauts)
 A = Elapsed time spent in this place.
 B = Non-inter-level travel time spent in this place.
 C = Inter-level travel time spent in this place.
 D = Time resting spent in this place.
 E = Time spent auto-exploring this place.
 F = Levels seen in this place.
 G = Mean time per level.
                   A        B        C        D        E       F      G
               +--------+--------+--------+--------+--------+-----+--------+
         Total |   2032 |   1963 |     69 |    317 |   1314 |   3 |  677.3 |
       Dungeon |   2032 |   1963 |     69 |    317 |   1314 |   3 |  677.3 |
               +--------+--------+--------+--------+--------+-----+--------+

Top non-repeatable levels by time:
     D:1: 1076 daAuts
     D:2: 866 daAuts
     D:3: 88 daAuts
